 Dungeon Crawl Stone Soup version 0.23.2-40-g277498a (webtiles) character file.

Game seed: 1327616294200137133

98 Fang the Skirmisher (level 4, -3/29 HPs)
             Began as a Gargoyle Berserker on Oct 15, 2019.
             Was a Believer of Trog.
             Slain by a gnoll
             ... wielding a +0 hand axe
              (5 damage)
             ... on level 2 of the Dungeon.
             The game lasted 00:01:31 (1911 turns).

Fang the Skirmisher (Gargoyle Berserker)            Turns: 1911, Time: 00:01:32

Health: -3/29      AC:  5    Str: 22    XL:     4   Next: 71%
Magic:  4/4        EV: 12    Int:  7    God:    Trog [**....]
Gold:   40         SH:  0    Dex:  9    Spells: 3/3 levels left

rFire    . . .     SeeInvis +   a - +0 hand axe
rCold    . . .     Gourm    .   (no shield)
rNeg     + . .     Faith    .   b - +0 animal skin
rPois    ∞         Spirit   .   (no helmet)
rElec    +         Reflect  .   (no cloak)
rCorr    .         Harm     .   (no gloves)
MR       .....                  (no boots)
Stlth    +.........             (no amulet)
HPRegen  0.09/turn              (no ring)
MPRegen  0.09/turn              r - ring of see invisible

@: no status effects
A: negative energy resistance 1, electricity resistance, unbreathing,
petrification resistance, rot immunity, AC +3
a: Berserk, Trog's Hand, Renounce Religion


You were on level 2 of the Dungeon.
You worshipped Trog.
Trog was pleased with you.
You were not hungry.

You visited 1 branch of the dungeon, and saw 2 of its levels.

You collected 40 gold pieces.

Inventory:

Hand Weapons
 a - a +0 hand axe (weapon)
Armour
 b - a +0 animal skin (worn)
Jewellery
 r - a ring of see invisible (right hand)
Scrolls
 f - 2 scrolls of fog {unknown}
 h - a scroll of remove curse {unknown}
 i - a scroll of immolation {unknown}
 o - a scroll of identify {unknown}
 q - a scroll of teleportation {unknown}
Potions
 d - a potion of degeneration {unknown}
 e - a potion of berserk rage {unknown}
 j - a potion of flight {unknown}
 k - a potion of brilliance {unknown}
 l - a potion of resistance {unknown}
 m - a potion of agility {unknown}
 n - 2 potions of cancellation {unknown}
 p - a potion of heal wounds {unknown}
 s - a potion of curing {unknown}
Comestibles
 c - 5 rations
 g - 2 chunks of flesh


   Skills:
 + Level 4.0 Fighting
 + Level 3.3 Axes
 + Level 3.2 Armour
 + Level 2.3 Dodging


You had 3 spell levels left.
You didn't know any spells.
Your spell library was empty.

Dungeon Overview and Level Annotations

Branches:
Dungeon (2/15)

Altars:


Innate Abilities, Weirdness & Mutations

You are resistant to torment.
Your stone body is resilient. (AC +3)
You are immune to poison.
You resist negative energy. (rN+)
You are resistant to electric shocks. (rElec)
You can survive without breathing.
You are immune to petrification.
You are immune to rotting.


Message History

You are held in a net!
You are held in a net!
You are held in a net!
You are held in a net!
You are held in a net!
You are held in a net!
You are held in a net!
You are held in a net!
You are held in a net!
You are held in a net!
You are held in a net!
You struggle against the net.
You struggle against the net.
The gnoll hits you with a +1 halberd of protection.
You shred the net and break free! The gnoll hits you with a +0 hand axe.
The gnoll hits you with a +1 halberd of protection!
* * * LOW HITPOINT WARNING * * *
You hit the gnoll but do no damage. You hit the plant but do no damage. x2
You barely miss the gnoll. The gnoll hits you with a +0 hand axe.
You die...

#........# #.##...##.#
#........# #.##...##.#
##.#.##...# #.##...##♣♣♣♣
#....##...# #.##...#♣♣.P♣
#..####...# #.##...♣.♣.P♣♣♣
###........### ♣♣♣♣#.........P♣
...........#.. ♣.♣.♣...♣.PPPPP♣
###.#####..#.♣♣♣..♣♣♣..♣PP.P♣♣♣
#.# #..#(...@g..♣..#♣♣.P.♣ #.#
#..#).♣PPg..♣### ♣♣♣♣.. ###
#..#.♣♣PP.P♣♣ ..#
####.##..♣♣P.♣♣ ## #.........♣
♣♣ ########.#.... .......
#####.# #


You could see 2 gnolls.

Vanquished Creatures
  A gnoll (D:2)
  3 adders (D:2)
  An ooze (D:2)
  3 dart slugs
  2 leopard geckos
  2 ball pythons
  A giant cockroach (D:2)
  4 hobgoblins
  12 jackals
  7 bats
  4 frilled lizards
  3 goblins
  5 kobolds
  4 rats
52 creatures vanquished.

Notes
Turn   | Place    | Note
-------+----------+-------------------------------------------
     0 | D:1      | Fang the Gargoyle Berserker began the quest for the Orb.
     0 | D:1      | Reached XP level 1. HP: 14/14 MP: 1/1
   316 | D:1      | Reached XP level 2. HP: 18/19 MP: 2/2
   663 | D:1      | Reached XP level 3. HP: 15/23 MP: 3/3
  1192 | D:2      | Reached ** piety under Trog
  1269 | D:2      | Reached XP level 4. HP: 23/29 MP: 4/4
  1652 | D:2      | Reached skill level 4 in Fighting
  1911 | D:2      | Slain by a gnoll

Skill      XL: |  1  2  3  4 |
---------------+-------------+-----
Axes           | 3 |  3.3
Dodging        | 2 |  2.3
Armour         | 3 |  3.2
Fighting       | 4 |  4.0

Action                   |  1- 3 |  4- 6 || total
-------------------------+-------+-------++-------
Melee: Hand axe          |   141 |    58 ||   199
  Eat: Chunk             |     1 |     3 ||     4
Armor: Animal skin       |    68 |    22 ||    90
Dodge: Dodged            |   133 |    51 ||   184
